 Dungeon Crawl Stone Soup version 0.26-a0-670-g578ab304f5 (webtiles) character file.

Game seed: 10959001628056448754

(classic levelgen) 7 EnegeticOcto the Digger (level 2, -1/17 HPs)
             Began as a Halfling Earth Elementalist on Oct 19, 2020.
             Slain by a jackal (2 damage)
             ... on level 2 of the Dungeon.
             The game lasted 00:00:51 (156 turns).

EnegeticOcto the Digger (HaEE)                       Turns: 156, Time: 00:00:52

Health: -1/17      AC:  2    Str:  9    XL:     2   Next: 5%
Magic:  0/4        EV: 15    Int: 13    God:
Gold:   24         SH:  0    Dex: 14    Spells: 3/4 levels left

rFire    . . .     SeeInvis .   h - +0 whip
rCold    . . .     Faith    .   (shield restricted)
rNeg     . . .     Spirit   .   c - +0 robe
rPois    .         Reflect  .   (no helmet)
rElec    .         Harm     .   (no cloak)
rCorr    .         Rampage  .   (no gloves)
MR       .....                  (no boots)
Stlth    ++........             (no amulet)
HPRegen  0.05/turn              (no ring)
MPRegen  0.09/turn              (no ring)

@: no status effects
A: small, mutation resistance 1
a: no special abilities


You were on level 2 of the Dungeon.
You visited 1 branch of the dungeon, and saw 2 of its levels.

You collected 24 gold pieces.

Inventory:

Hand Weapons
 h - a +0 whip (weapon)
Missiles
 b - 49 stones (quivered)
Armour
 c - a +0 robe (worn)
Wands
 i - a wand of enslavement (11)
Scrolls
 d - a scroll of identify {unknown}
 f - a scroll of immolation {unknown}
 g - a scroll of teleportation {unknown}
Potions
 a - a potion of cancellation {unknown}
 e - a potion of brilliance {unknown}


   Skills:
 - Level 2.1 Dodging
 - Level 2.1 Stealth
 - Level 1.5 Spellcasting
   Level 0.5 Transmutations
 + Level 3.5 Earth Magic


You had 3 spell levels left.
You knew the following spells:

 Your Spells              Type           Power        Failure   Level
a - Sandblast             Erth           ##....       6%          1

Your spell library contained the following spells:

 Spells                   Type           Power        Failure   Level
 Passwall                 Tmut/Erth      #.......     19%         2
 Stone Arrow              Conj/Erth      #.....       36%         3
 Petrify                  Tmut/Erth      #.......     75%         4
 Lee's Rapid Deconstruct  Erth           ##........   87%         5


Dungeon Overview and Level Annotations

Branches:
Dungeon (2/15)

Altars:


Innate Abilities, Weirdness & Mutations

You are small and have problems with some larger weapons.
You are somewhat resistant to further mutation.


Message History

A kobold comes into view. It is wielding a +0 whip.
The kobold shouts!
The kobold throws a stone.
The stone closely misses you.
You see here a stone.
You see here 12 gold pieces.
You see here 12 gold pieces.
You now have 24 gold pieces (gained 12).
The kobold throws a stone.
The stone barely misses you.
The kobold throws a stone.
The stone hits you but does no damage.
You see here 2 stones.
b - 52 stones (gained 2)
Casting: Sandblast (safe; 7% risk of failure)
Confirm with . or Enter, or press ? or * to list all spells.
Aiming: Sandblast (safe; 7% risk of failure)
Press: ? - help, Shift-Dir - straight line, f - kobold
Aim: a kobold, wielding a +0 whip The blast of sand hits the kobold!
You kill the kobold!
b - 51 stones
b - 52 stones (gained 1)
You see here a +0 whip.
h - a +0 whip (weapon)
(D) Dungeon
Where to? (? - help)
There is a stone staircase leading down here.
You climb downwards. 4 jackals come into view.
The jackal barks! x4; You hear a shout!
Found four items.
Found an escape hatch in the floor.
There is a stone staircase leading up here.
The jackal bites you.
Found a brown potion.
You see here a wand of enslavement (13).
i - a wand of enslavement (13)
The jackal bites you but does no damage.
The jackal bites you. The jackal closely misses you. The jackal bites you.
* * * LOW HITPOINT WARNING * * *
The jackal closely misses you.
Found 7 gold pieces.
You open the door. The jackal misses you. The jackal bites you.
* * * LOW HITPOINT WARNING * * *
The jackal closely misses you.
There is an open door here.
Casting: Sandblast (safe; 7% risk of failure)
Confirm with . or Enter, or press ? or * to list all spells.
Aiming: Sandblast (safe; 7% risk of failure)
Press: ? - help, Shift-Dir - straight line, f - jackal
Aim: a jackal The blast of sand misses the jackal.
b - 51 stones The jackal bites you.
* * * LOW HITPOINT WARNING * * *
Evoke which item? (* to show all) (? for menu, Esc to quit)
Aiming: Enslavement
Press: ? - help, Shift-Dir - straight line, f/p - jackal
Aim: a jackal (chance to defeat MR: 63%)
The jackal is charmed.
The jackal bites your jackal.
The jackal misses your jackal. x2; Your jackal bites the jackal.
The jackal bites your jackal but does no damage.
The jackal barely misses your jackal.
The jackal completely misses your jackal.
Your jackal completely misses the jackal.
The jackal barely misses your jackal.
The jackal bites your jackal but does no damage.
The jackal misses your jackal.
Your jackal closely misses the jackal.
The jackal bites your jackal. The jackal closely misses your jackal.
The jackal bites your jackal but does no damage.
Your jackal bites the jackal.
The jackal barely misses your jackal. The jackal bites your jackal.
The jackal bites your jackal but does no damage.
Your jackal closely misses the jackal.
The jackal misses your jackal. The jackal barely misses your jackal.
The jackal bites your jackal.
Your jackal dies!
Casting: Sandblast (safe; 7% risk of failure)
Confirm with . or Enter, or press ? or * to list all spells.
Aiming: Sandblast (safe; 7% risk of failure)
Press: ? - help, Shift-Dir - straight line, f - jackal
Aim: a jackal (heavily wounded)
The blast of sand hits the jackal!
You kill the jackal!
You have reached level 2!
b - 50 stones
Casting: Sandblast (safe; 6% risk of failure)
Confirm with . or Enter, or press ? or * to list all spells.
Aiming: Sandblast (safe; 6% risk of failure)
Press: ? - help, Shift-Dir - straight line, f - jackal
Aim: a jackal The blast of sand hits the jackal.
The jackal is severely wounded.
b - 49 stones The jackal bites you.
* * * LOW HITPOINT WARNING * * *
Evoke which item? (* to show all) (? for menu, Esc to quit)
Aiming: Enslavement
Press: ? - help, Shift-Dir - straight line, f/p - jackal
Aim: a jackal (severely wounded, chance to defeat MR: 63%)
The jackal resists with significant effort.
The jackal bites you.
You die...

.$.. ....
####... #.!...#
#.....# #>....#
#.....##########
#...?.'.hh@....#
#.....########.#
#.....# #.....#
#####<#
#........#
#........#
#........#
#........#


You could see 2 jackals.

Vanquished Creatures
  2 giant cockroaches (D:1)
  A goblin (D:1)
  A jackal (D:2)
  A bat (D:1)
  A kobold (D:1)
6 creatures vanquished.

Vanquished Creatures (others)
  A jackal (D:2)
1 creature vanquished.

Grand Total: 7 creatures vanquished

Notes
Turn   | Place    | Note
-------+----------+-------------------------------------------
     0 | D:1      | EnegeticOcto the Halfling Earth Elementalist began the
                  | quest for the Orb.
     0 | D:1      | Reached XP level 1. HP: 11/11 MP: 3/3
   154 | D:2      | Reached XP level 2. HP: 2/17 MP: 1/4
   156 | D:2      | Slain by a jackal

Illustrated notes

Levels and vault maps discovered:
D:1:      lightli_arrival_statue_moat, layout_rooms
D:2:      layout_basic

Action                   || total
-------------------------++-------
Melee: Unarmed           ||     8
 Cast: Sandblast         ||    11
Evoke: Wand              ||     2
Armor: Robe              ||     6
Dodge: Dodged            ||     9

Table legend: (Time is in decaauts)
 A = Elapsed time spent in this place.
 B = Non-inter-level travel time spent in this place.
 C = Inter-level travel time spent in this place.
 D = Time resting spent in this place.
 E = Time spent auto-exploring this place.
 F = Levels seen in this place.
 G = Mean time per level.
                   A        B        C        D        E       F      G
               +--------+--------+--------+--------+--------+-----+--------+
         Total |    155 |    151 |      4 |      0 |      0 |   2 |   77.5 |
       Dungeon |    155 |    151 |      4 |      0 |      0 |   2 |   77.5 |
               +--------+--------+--------+--------+--------+-----+--------+

Top non-repeatable levels by time:
     D:1: 137 daAuts
     D:2: 17 daAuts
